 Dungeon Crawl Stone Soup version 0.30-a0-329-g85436e0a43 (webtiles) character file.

Game seed: 13151216383678511518

57 purpskrrrp the Ruffian (level 3, -12/36 HPs)
             Began as a Troll Fighter on Oct 28, 2022.
             Killed by divine providence
             ... invoked by an orc priest
              (15 damage)
             ... on level 3 of the Dungeon.
             The game lasted 00:02:07 (1422 turns).

purpskrrrp the Ruffian (Troll Fighter)              Turns: 1422, Time: 00:02:07

Health: -12/36     AC:  5    Str: 26    XL:     3   Next: 73%
Magic:  2/2        EV:  8    Int:  4    God:
Gold:   167        SH:  7    Dex:  9    Spells: 2/2 levels left

rFire   . . .      SeeInvis .      - Unarmed
rCold   . . .      Faith    .    b - +0 kite shield
rNeg    . . .      Spirit   .    a - +0 robe
rPois   .          Reflect  .    (helmet restricted)
rElec   .          Harm     .    r - +0 cloak
rCorr   .          Rampage  .    (gloves unavailable)
Will    .....                    (boots unavailable)
Stlth   +.........               (no amulet)
HPRegen 1.06/turn                (no ring)
MPRegen 0.08/turn                (no ring)

@: mighty
A: large, unfitting armour, claws 3, regeneration 1, shaggy fur 1, tough skin 1
a: no special abilities


You were on level 3 of the Dungeon.
You visited 1 branch of the dungeon, and saw 3 of its levels.

You collected 167 gold pieces.

Inventory:

Armour
 a - a +0 robe (worn)
 b - a +0 kite shield (worn)
 r - a +0 cloak (worn)
Jewellery
 o - a +4 ring of slaying
Wands
 p - a wand of flame (13)
Scrolls
 d - a scroll of torment {unknown}
 g - a scroll of blinking {unknown}
 i - 2 scrolls of enchant armour {unknown}
 k - 2 scrolls of identify {unknown}
 m - a scroll of summoning {unknown}
 n - 2 scrolls of magic mapping {unknown}
Potions
 e - a potion of resistance {unknown}
 f - a potion of ambrosia {unknown}
 h - 3 potions of curing {unknown}
 j - 2 potions of degeneration {unknown}
 l - a potion of brilliance {unknown}
 q - a potion of attraction {unknown}
 s - a potion of haste {unknown}


   Skills:
 - Level 2.4 Fighting
 - Level 2.4 Dodging
 - Level 2.6 Shields
 + Level 4.1 Unarmed Combat


You had 2 spell levels left.
You didn't know any spells.
Your spell library contained the following spells:

 Spells                   Type           Power      Damage    Failure   Level
 Kiss of Death            Conj/Necr      0%         2d5       80%         1
 Confusing Touch          Hex            0%         N/A       99%         3
 Dispel Undead            Necr           0%         3d6       100%        4


Dungeon Overview and Level Annotations

Branches:
Dungeon (3/15)

Altars:
Uskayaw


Innate Abilities, Weirdness & Mutations

You are too large for most types of armour.
You have claws for hands.
Your natural rate of healing is unusually fast.
You are covered in fur. (AC +1)
You have tough skin. (AC +1)


Message History

You are too injured to fight recklessly!
You are too injured to fight recklessly!
You are too injured to fight recklessly!
You are too injured to fight recklessly!
You are too injured to fight recklessly!
You are too injured to fight recklessly!
You are too injured to fight recklessly!
You are too injured to fight recklessly!
You are too injured to fight recklessly!
You are too injured to fight recklessly!
You are too injured to fight recklessly!
You are too injured to fight recklessly!
You are too injured to fight recklessly!
You are too injured to fight recklessly!
The hobgoblin attacks as you move away! The hobgoblin closely misses you.
You block the orc's attack. The hobgoblin hits you.
You claw the hobgoblin!
You kill the hobgoblin!
The orc priest mumbles some strange prayers to Beogh against you.
Beogh smites you! The orc hits you but does no damage.
You scratch the orc but do no damage. The orc hits you with a +0 trident!
The orc priest looks braver for a moment.
You barely miss the orc. You block the orc's attack.
You scratch the orc but do no damage. The orc hits you with a +0 trident.
* * * LOW HITPOINT WARNING * * *
You barely miss the orc.
The orc priest calls down the wrath of Beogh upon you.
Beogh smites you!
* * * LOW HITPOINT WARNING * * *
The orc barely misses you.
You feel very mighty all of a sudden. You block the orc priest's attack.
The orc hits you with a +0 trident.
* * * LOW HITPOINT WARNING * * *
You claw the orc!
You kill the orc!
The orc priest calls down the wrath of Beogh upon you.
Beogh smites you!
You die...

######....#.#.##.#
## ##......>...##
#. ###.#.#.##..#
### ##...####.# #..
##.## #.# #.. #.#
#.# #.. #.#######
.... ######.#⌠...#
.....
#.@....##...#......
#)####...._.#####..
..# #o# ####...#
#.^ ...# #.# #⌠...#
≈...# #.# ######
≈≈... #.## .≈≈$.≈
##.!# ..≈...##...#
#.≈...'..#)#


You could see an orc priest.

Vanquished Creatures
  2 worms (D:2)
  2 dart slugs
  4 orcs (D:3)
  2 ball pythons (D:1)
  3 endoplasms (D:2)
  4 goblins
  3 hobgoblins
  5 jackals (D:1)
  6 kobolds
  4 quokkas
  4 bats
  A frilled lizard (D:2)
  3 rats
43 creatures vanquished.

Notes
Turn   | Place    | Note
-------+----------+-------------------------------------------
     0 | D:1      | purpskrrrp the Troll Fighter began the quest for the Orb.
     0 | D:1      | Reached XP level 1. HP: 22/22 MP: 0/0
   126 | D:1      | Reached XP level 2. HP: 29/29 MP: 1/1
   235 | D:1      | Reached skill level 3 in Unarmed Combat
   736 | D:2      | Reached XP level 3. HP: 33/36 MP: 2/2
  1335 | D:3      | Reached skill level 4 in Unarmed Combat
  1361 | D:3      | Found a hide-covered altar of Uskayaw.
  1422 | D:3      | Killed from afar by an orc priest

Illustrated notes

Levels and vault maps discovered:
D:1:      dpeg_arrival_pond, layout_basic, st_stairs_4, minmay_misc_feat_cross
D:2:      layout_loops_cross
D:3:      kennysheep_the_goblin_king, layout_loops_ring,
          mainiacjoe_overflow_alcove_2, gammafunk_temple_overflow_pools,
          grunt_decor_fettered, kennysheep_donut, minmay_tree_intersection

Skill      XL: |  1  2  3 |
---------------+----------+-----
Unarmed Combat | 3 4 |  4.1
Fighting       | |  2.4
Dodging        | |  2.4
Shields        | |  2.6

Action                   || total
-------------------------++-------
Melee: Unarmed           ||   111
  Use: Potion            ||     1
Armor: Robe              ||    30
Dodge: Dodged            ||    40
Block: Kite shield       ||    38

Table legend: (Time is in decaauts)
 A = Elapsed time spent in this place.
 B = Non-inter-level travel time spent in this place.
 C = Inter-level travel time spent in this place.
 D = Time resting spent in this place.
 E = Time spent auto-exploring this place.
 F = Levels seen in this place.
 G = Mean time per level.
                   A        B        C        D        E       F      G
               +--------+--------+--------+--------+--------+-----+--------+
         Total |   1430 |   1408 |     22 |      0 |   1103 |   3 |  476.7 |
       Dungeon |   1430 |   1408 |     22 |      0 |   1103 |   3 |  476.7 |
               +--------+--------+--------+--------+--------+-----+--------+

Top non-repeatable levels by time:
     D:2: 645 daAuts
     D:1: 631 daAuts
     D:3: 153 daAuts
